Cogmind - Beta 9.4 @@@ ROGUE MODE // 2020.02.27 @ 12:19:45 Player: SHADOWELITE7 Result: Destroyed by as-68461 with Assembled Rifle Performance ------------- Evolutions (0) 0 Regions Visited (2) 400 Robots Destroyed (8) 40 Value Destroyed (50) 50 Prototype IDs (0) 0 Alien Tech Used (0) 0 Bonus (0) 0 TOTAL SCORE: 490 Bonus ------- None Cogmind --------- Core Integrity 0/250 Matter 300/300 Energy 100/100 System Corruption 0% Temperature Cool (0) Movement Core (200) Ox3 Location -10/Mines Parts ------- > --- POWER (1) -------- (None) > --- PROPULSION (2) --- (None) > --- UTILITY (2) ------ Small Storage Unit Small Storage Unit > --- WEAPON (2) ------- Mining Claw > --- INVENTORY (8) ---- Light Ion Engine Medium Laser Peak State ------------ > --- POWER ------------ Light Ion Engine > --- PROPULSION ------- Light Treads Light Treads > --- UTILITY ---------- Small Storage Unit Small Storage Unit > --- WEAPON ----------- EM Pulse Gun Light Assault Rifle > --- INVENTORY -------- Light Ion Engine Medium Laser Mining Claw [Rating: 7] Favorites ----------- Power Light Ion Engine Engine Light Ion Engine Propulsion Light Treads Treads Light Treads Utility Small Storage Unit Storage Small Storage Unit Weapon Light Assault Rifle Energy Gun EM Pulse Gun Ballistic Gun Light Assault Rifle Slashing Weapon Mining Claw Build | -11 -10 -10 ------- Run | Scr Mat Min Slots Evolved . | . . . Power . | . . . Propulsion . | . . . Utility . | . . . Weapon . | . . . Parts Attached 12 | 9 1 2 Power 2 | 1 . 1 Engine 2 | 1 . 1 Core . | . . . Reactor . | . . . Propulsion 3 | 3 . . Treads 3 | 3 . . Leg . | . . . Wheel . | . . . Hover . | . . . Flight . | . . . Utility 2 | 1 1 . Device . | . . . Storage 2 | 1 1 . Processor . | . . . Hackware . | . . . Protection . | . . . Artifact . | . . . Weapon 5 | 4 . 1 Energy Gun 2 | 2 . . Energy Cannon . | . . . Ballistic Gun 2 | 2 . . Ballistic Cannon . | . . . Launcher . | . . . Special Weapon . | . . . Impact Weapon . | . . . Slashing Weapon 1 | . . 1 Piercing Weapon . | . . . Special Melee Weapon . | . . . Unidentified Prototypes . | . . . Parts Lost 6 | . . 6 Power 2 | . . 2 Propulsion 2 | . . 2 Utility . | . . . Weapon 2 | . . 2 Highest Loss Streak 2 | . . 2 Average Slot Usage (%) 81 | . 86 79 Engine 11 | . 14 10 Treads 22 | . 28 18 Storage 23 | . 15 28 Energy Gun 6 | . 14 2 Ballistic Gun 11 | . 14 9 Slashing Weapon 5 | . . 9 Naked Turns . | . . . Heaviest Build 14 | 10 14 14 Greatest Support 40 | 40 40 40 Greatest Overweight (x) 4 | . . 4 Average Overweight (x) . | . . . Largest Inventory Capacity 8 | 6 8 8 Average Capacity 6 | 5 6 8 Most Carried 4 | 4 4 4 Average Carried 2 | 1 2 2 Final Capacity 8 | 6 8 8 Final Carried 3 | 2 3 2 Class Distribution -------------------- 100% | Mutant Dominant Class ---------------- Mutant | -10/Materials Mutant | -10/Mines Resources | -11 -10 -10 ----------- Run | Scr Mat Min Matter Collected 334 | 207 83 44 Remotely . | . . . Salvage Created 114 | . . 114 Parts 8 | . . 8 Haulers Intercepted . | . . . Recyclers Shooed . | . . . Parts Field Recycled . | . . . Retrieved Matter . | . . . Parts Self-Destructed . | . . . Prevented . | . . . Kills | -11 -10 -10 ------- Run | Scr Mat Min Combat Hostiles Destroyed 8 | . . 8 Melee 4 | . . 4 Guns 4 | . . 4 Classes Destroyed 2 | . . 2 Swarmer 3 | . . 3 Assembled 5 | . . 5 Best Kill Streak 3 | . . 3 Combat Bots Only 3 | . . 3 Max Kills in Single Turn 1 | . . 1 Gunslinging . | . . . Exploded . | . . . Melee 1 | . . 1 Uniques/NPCs Destroyed . | . . . Combat | -11 -10 -10 -------- Run | Scr Mat Min Damage Taken 860 | . 53 807 Core 255 | . 11 244 Absorbed by Shields . | . . . Core Remaining (%) 100 | 100 . . Volleys Fired 26 | . . 26 Largest 2 | . . 2 Hottest 60 | . . 60 Shots Fired 34 | . . 34 Gun 34 | . . 34 Cannon . | . . . Launcher . | . . . Special . | . . . Kinetic 26 | . . 26 Thermal . | . . . Explosive . | . . . Electromagnetic 8 | . . 8 Robot Hit Streak 3 | . . 3 Robot Miss Streak 4 | . . 4 Penetration Max . | . . . Secondary Targets 2 | . . 2 Max Gunslinging Chain 1 | . . 1 Shots Hit Robots 19 | . . 19 Core Hits 10 | . . 10 Critical Hits . | . . . Critical Kills . | . . . Critical Parts Destroyed . | . . . Melee Attacks 10 | . . 10 Impact . | . . . Slashing 10 | . . 10 Piercing . | . . . Sneak Attacks . | . . . Combat Hostiles . | . . . Follow-up Attacks . | . . . Damage Inflicted 288 | . . 288 Guns 144 | . . 144 Cannons . | . . . Explosions . | . . . Melee 144 | . . 144 Ramming . | . . . Kinetic 101 | . . 101 Thermal . | . . . Explosive . | . . . Electromagnetic 43 | . . 43 Impact . | . . . Slashing 144 | . . 144 Piercing . | . . . Highest Corruption . | . . . Average Corruption . | . . . Corruption Purged . | . . . Overload Shots . | . . . Overflow Damage . | . . . Projectiles . | . . . Explosions . | . . . Melee . | . . . Knockbacks . | . . . Impact . | . . . Kinetic . | . . . Secondary . | . . . Self-Inflicted Damage . | . . . Shots . | . . . Rammed . | . . . Targets Rammed . | . . . Kicked . | . . . Crushed . | . . . Highest Temperature 40 | . . 40 Average Temperature 24 | . . 24 Received Heat Transfer 210 | . 30 180 Siege Activations . | . . . Robots Corrupted . | . . . Combat Hostiles . | . . . Parts Fried . | . . . Impact Corruptions . | . . . Robots Melted . | . . . Combat Hostiles . | . . . Parts Melted . | . . . Heat Transferred . | . . . Parts Sabotaged . | . . . Parts Stolen . | . . . Parts Stripped . | . . . Power Chain Reactions . | . . . Missiles Intercepted . | . . . Alert | -11 -10 -10 ------- Run | Scr Mat Min Peak Influence 111 | . 30 111 Average Influence 45 | . 16 77 Maximum Alert Level . | . . . Low Security (%) 100 | 100 100 100 Level 1 . | . . . Level 2 . | . . . Level 3 . | . . . Level 4 . | . . . Level 5 . | . . . High Security . | . . . Max Security . | . . . Squads Dispatched 1 | . 1 . Investigation . | . . . Extermination . | . . . Reinforcement 1 | . 1 . Assault . | . . . Garrison . | . . . Intercept . | . . . Construction Impeded . | . . . Haulers Reinforced . | . . . Stealth | -11 -10 -10 --------- Run | Scr Mat Min Distress Signals . | . . . Communications Jammed . | . . . Distress Signals . | . . . Times Spotted 15 | . 5 10 Peak Tracking Total 3 | . 2 3 Tactical Retreats . | . . . Traps | -11 -10 -10 ------- Run | Scr Mat Min Traps Triggered . | . . . Indirectly . | . . . Trap Hack Attempts . | . . . Triggered . | . . . Disarmed . | . . . Reprogrammed . | . . . Reused . | . . . Traps Extracted . | . . . Installed . | . . . Triggered . | . . . Machines | -11 -10 -10 ---------- Run | Scr Mat Min Machines Disabled 2 | . . 2 Max in Single Turn 1 | . . 1 Machines Sabotaged . | . . . Garrisons Compromised . | . . . Overloaded Fab Kills . | . . . Fab Network Shutdowns . | . . . Hacking | -11 -10 -10 --------- Run | Scr Mat Min Machines Accessed . | . . . Terminals . | . . . Fabricators . | . . . Repair Stations . | . . . Recycling Units . | . . . Scanalyzers . | . . . Garrison Access . | . . . Total Hacks . | . . . Successful . | . . . Failed . | . . . Catastrophic . | . . . Database Lockouts . | . . . Manual . | . . . Terminals . | . . . Fabricators . | . . . Repair Stations . | . . . Recycling Units . | . . . Scanalyzers . | . . . Garrison Access . | . . . Terminal Hacks . | . . . Fabricator Hacks . | . . . Repair Station Hacks . | . . . Recycling Unit Hacks . | . . . Scanalyzer . | . . . Garrison Access Hacks . | . . . Unauthorized Hacks . | . . . Terminals . | . . . Fabricators . | . . . Repair Stations . | . . . Recycling Units . | . . . Scanalyzers . | . . . Garrison Access . | . . . Data Cores Recovered . | . . . Used . | . . . Hacking Detections . | . . . Full Trace Events . | . . . Feedback Events . | . . . Feedback Blocked . | . . . Robot Schematics Acquired . | . . . Robots Built . | . . . Matter . | . . . Time . | . . . Total Robot Build Rating . | . . . Part Schematics Acquired . | . . . Parts Built . | . . . Matter . | . . . Time . | . . . Total Part Build Rating . | . . . Parts Repaired . | . . . Time . | . . . Parts Recycled . | . . . Recycled Matter . | . . . Retrieved Matter . | . . . Retrieved Components . | . . . Parts Scanalyzed . | . . . Part Schematics Acquired . | . . . Parts Damaged . | . . . Bothacking | -11 -10 -10 ------------ Run | Scr Mat Min Used RIF Installer . | . . . Robots Hacked . | . . . Non-combat . | . . . Combat . | . . . Robot Hacks Applied . | . . . Relay Couplers Released . | . . . Robots Rewired . | . . . Allies Hacked . | . . . Hacks Repelled . | . . . Allies | -11 -10 -10 -------- Run | Scr Mat Min Total Allies . | . . . Largest Group . | . . . Highest-Rated Group . | . . . Highest-Rated Ally . | . . . Total Orders . | . . . Ally Attacks . | . . . Total Damage . | . . . Kills . | . . . Allies Corrupted . | . . . Allies Melted . | . . . Intel | -11 -10 -10 ------- Run | Scr Mat Min Robot Analysis Total . | . . . Derelict Logs Recovered . | . . . Drone Launches . | . . . Drone Recoveries . | . . . Exploration | -11 -10 -10 ------------- Run | Scr Mat Min Turns Passed 829 | 133 261 435 Spaces Moved 462 | 84 162 216 Core 23 | 17 . 6 Treads 439 | 67 162 210 Legs . | . . . Wheels . | . . . Hover . | . . . Flight . | . . . Fastest Speed 50 | 50 160 160 Average Speed 156 | 137 160 161 Slowest Speed 250 | 160 160 250 Overloaded Moves . | . . . Propulsion Burnouts . | . . . Robots Hopped . | . . . Cave-ins Triggered . | . . . Exploration Rate (%) 19 | 5 24 30 Regions Visited 2 Branch Regions 1 Pre-discovered Areas . | . . . Known Exits Taken . | . . . Unknown Exits Taken 2 | 1 1 . Scrap Searched . | . . . Spaces Dug . | . . . Terrain Destroyed . | . . . Melee . | . . . Projectile . | . . . AOE . | . . . Actions | -11 -10 -10 --------- Run | Scr Mat Min Total 522 | 103 164 255 Wait . | . . . Move 460 | 83 161 216 Hop . | . . . Pick Up 11 | 8 2 1 Fast Attach . | . . . Attach 12 | 9 1 2 Detach 3 | 3 . . Swap . | . . . Drop . | . . . Fire 26 | . . 26 Melee 10 | . . 10 Ram . | . . . Kick . | . . . Crush . | . . . Escape Stasis . | . . . Rewire . | . . . Trap . | . . . Miscellaneous . | . . . Route ------- -11/Scrapyard -10/Materials -10/Mines History --------- Turn | Location | Event 12 | -11/Scrapyard | Discovered new exit (range 15) 134 | -11/Scrapyard | Entered Materials 306 | -10/Materials | Build established: Mutant 371 | -10/Materials | Discovered new exit (range 13) 395 | -10/Materials | Entered Mines 399 | -10/Mines | Met a Derelict bent on vengeance 424 | -10/Mines | Assembled infested the area 555 | -10/Mines | Core integrity fell below 50% 825 | -10/Mines | Core integrity fell below 20% 830 | -10/Mines | Destroyed by as-68461 with Assembled Rifle Last Messages --------------- 00481_ R-06 Scavenger collects Lgt. Assault Rifle. 00484_ as-63606 misfires. 00485_ R-06 Scavenger collects Flight Unit. 00497_ Lgt. Ion Engine destroyed. 00510_ as-63606 destroyed. 00515_ Acquired 13 matter. 00558_ Lgt. Treads destroyed. 00561_ as-07908 destroyed. 00564_ Acquired 5 matter. 00598_ K-01 Serf collects debris. 00619_ Acquired 5 matter. 00690_ Lgt. Assault Rifle destroyed. 00694_ as-29781 destroyed. 00754_ as-60869 destroyed. 00809_ U-05 Engineer lays Concrete. 00812_ Lgt. Treads destroyed. 00813_ U-05 Engineer lays Concrete. 00813_ as-07280 destroyed. 00815_ U-05 Engineer lays Concrete. 00818_ Lgt. Ion Engine destroyed. Map ----- +----------------------------------------------------+ | | | | | | | | | | | | | | | | | | | | | ?????????????????????????????????????????????????? | | ?????????????????????????????????????????????????? | | ?????????????????????????????????????????????????? | | ?????????????????????????????????????????????????? | | ?????????????????????????????????????????????????? | | ?????????????????????????????????????????????????? | | ?????????????????????????????????????????????????? | | ?????????????????????????????????????????????????? | | ?????????????????????????????????????????????????? | | ?????????????????????????????????????????????????? | | ?????????????????????????????????????????????????? | | #???????????????????????????#????????????????????? | | #???????????????####??????? #????????????????????? | | ##?????????????## ##???###a######## #?????????? | | ####????????### #####a%=%= ! #????????? | | % ##??????## %%@ %%* =%! #????????? | | ######## !%= #######???????????????? | | ## ## #### #?????????????????????? | | #### % #?? #?????????????????????? | | ##??#% #?? #?????????????????????? | | #####??? #??%#?????????????????????? | | ## ##?????? % #???#?????????????????????? | | #### ###?????? % #?????????????????????????? | | #??## ##??????? #?????????????????????????? | | ????####??????? % ###?????????????????????????? | | ??????????????? #????????????????????????????? | | ?????????????? ?????????????????????????????? | | ????????????? #?????????????????????????????? | | ????????????? # ??????????????????????????????? | | ??????????????? #??????????????????????????????? | | ????????????????? ???????????????????????????????? | | ?????????????????????????????????????????????????? | | ?????????????????????????????????????????????????? | | ?????????????????????????????????????????????????? | | ?????????????????????????????????????????????????? | | ?????????????????????????????????????????????????? | | ?????????????????????????????????????????????????? | | ?????????????????????????????????????????????????? | | ?????????????????????????????????????????????????? | | ?????????????????????????????????????????????????? | +----------------------------------------------------+ Best States ------------- Heat Dissipation 25 Energy Generation 10 Energy Capacity 125 Matter Stores 300 Matter Capacity 300 Sight Range 16 Terrain Scan Density 10 Evasion (%) 50 Recoil Reduction 2 Item Schematics ----------------- None Robot Schematics ------------------ None Fabricated ------------ Nothing Alien Tech Used ----------------- None Achievements -------------- None Challenges ------------ None Game ------ Seed ArmageddonEnergyWarhead Manual? 0 Play Time 00:10:56 Cumulative 17.5 hours Start 2020.02.27 @ 11:24:32 End 2020.02.27 @ 12:19:45 Sessions 1 Manual Loads 0 Difficulty Rogue Special Mode None Game No. 76 Rogue 72 Adventurer 0 Explorer 4 Win Type - Total 0 Types 0/0/0/0/0/0/0 Lore% 21 Gallery% 16 Achievement% 16 Wizard Run 0 Options --------- ASCII 0 Keyboard 0 Movement Arrows Keybinds 0 Fullscreen 1 Font 18/CogWide Map View 76x50 Tactical HUD 1 Map Filters NONE Filters NONE Steam 1 RUN: ede8b427-6271-4eb9-ad5a-fc6fb7609559